 Dungeon Crawl Stone Soup version 0.19-a0-1686-g35356ef (webtiles) character file.

31 Cupidatis the Vandal (level 3, -1/25 HPs)
             Began as a Halfling Hunter on Sept 25, 2016.
             Slain by Sigmund
             ... wielding a +0 scythe
              (13 damage)
             ... on level 2 of the Dungeon.
             The game lasted 00:04:15 (1310 turns).

Cupidatis the Vandal (Halfling Hunter)              Turns: 1310, Time: 00:04:16

Health: -1/25      AC:  4    Str: 13    XL:     3   Next: 40%
Magic:  3/3        EV: 14    Int:  9    God:
Gold:   105        SH:  0    Dex: 15    Spells: 0 memorised, 2 levels left

rFire  . . .     SeeInvis .     a - +1 hunting sling
rCold  . . .     Gourm    .     c - +0 leather armour
rNeg   . . .     Faith    .     (shield restricted)
rPois  .         Spirit   .     (no helmet)
rElec  .         Dismiss  .     (no cloak)
rCorr  .         Reflect  .     (no gloves)
MR     .....     Harm     .     (no boots)
Stlth  +.........               (no amulet)
                                (no ring)
                                (no ring)

@: confused, slowed, very slow
A: mutation resistance 1
a: no special abilities


You were on level 2 of the Dungeon.
You were not hungry.

You visited 1 branch of the dungeon, and saw 2 of its levels.

You collected 105 gold pieces.

Inventory:

Hand Weapons
 a - a +1 hunting sling (weapon)
 b - a +0 short sword
Missiles
 d - 67 sling bullets (quivered)
 e - 46 stones
Armour
 c - a +0 leather armour (worn)
 q - a +0 pair of gloves
Scrolls
 g - a scroll of remove curse {unknown}
 i - 2 scrolls of teleportation {unknown}
 m - a scroll of recharging {unknown}
 o - a scroll of enchant armour {unknown}
 p - a scroll of blinking {unknown}
Potions
 h - 3 potions of heal wounds
 l - a potion of cancellation {unknown}
 n - a potion of curing {unknown}
Comestibles
 f - a bread ration
 j - 4 chunks of flesh
 k - a slice of pizza


   Skills:
 + Level 2.4 Fighting
 * Level 6.7 Slings
 - Level 2.1 Dodging
 - Level 1.1 Stealth


You had 2 spell levels left.
You didn't know any spells.

Dungeon Overview and Level Annotations

Branches:
Dungeon (2/15)

Altars:
Yredelemnul

Annotations:
D:2 Sigmund


Innate Abilities, Weirdness & Mutations

You are small and have problems with some larger weapons.
You are somewhat resistant to further mutation.


Message History

Something hits you.
* * * LOW HITPOINT WARNING * * *
It was a potion of heal wounds.
You feel much better. Something barely misses you.
Firing (i - inventory. (,) - cycle):
d - 71 sling bullets (quivered)
Press: ? - help, Shift-Dir - straight line You shoot a sling bullet.
Something hits you!
Firing (i - inventory. (,) - cycle):
d - 70 sling bullets (quivered)
Press: ? - help, Shift-Dir - straight line You shoot a sling bullet.
Something hits you.
Firing (i - inventory. (,) - cycle):
d - 69 sling bullets (quivered)
Press: ? - help, Shift-Dir - straight line You shoot a sling bullet.
Something hits you.
You hear some strange, mumbled words.
You are confused.
Firing (i - inventory. (,) - cycle):
d - 68 sling bullets (quivered)
Press: ? - help, Shift-Dir - straight line You shoot a sling bullet.
Something hits you!
Ouch! That really hurt!
You die...

#.###.##.#
#.....##.#####
#####........#
#.##รท###.#
...##.# #.#
######.# #.#
#.# #.#
#.###.#######
#)#..@.......
#............
###.#.#######
###.#(########
#...(.........
#.#.#(.######
#....#.#....#
.....#.._..##.#
###....#.####.#


There were no monsters in sight!

Vanquished Creatures
  2 dart slugs
  A leopard gecko (D:1)
  2 giant cockroaches (D:1)
  2 goblins (D:1)
  4 hobgoblins
  5 bats
  2 frilled lizards (D:1)
  4 kobolds
  4 rats
26 creatures vanquished.

Notes
Turn   | Place    | Note
-------+----------+-------------------------------------------
     0 | D:1      | Cupidatis the Halfling Hunter began the quest for the Orb.
     0 | D:1      | Reached XP level 1. HP: 14/14 MP: 1/1
    81 | D:1      | Reached skill level 6 in Slings
   203 | D:1      | Reached XP level 2. HP: 19/19 MP: 2/2
   886 | D:1      | Reached XP level 3. HP: 18/24 MP: 3/3
  1077 | D:2      | Noticed Sigmund
  1165 | D:2      | Found a basalt altar of Yredelemnul.
  1310 | D:2      | Slain by Sigmund

Vault maps used:
D:1:      saegor_arrival_simple_a, grunt_decor_resistance
D:2:      minitemple, lemuel_crystal_altar, uniq_sigmund

Skill      XL: |  1 |
---------------+----+-----
Fighting       | 2 |  2.4
Slings         | 6 |  6.7
Dodging        | |  2.1
Stealth        | |  1.1

Action                   || total
-------------------------++-------
Melee: Short sword       ||    37
 Fire: Hunting sling     ||    69
  Use: Potion            ||     1
  Eat: Chunk             ||     1
Armor: Leather armour    ||    19
Dodge: Dodged            ||    52
